 Dungeon Crawl Stone Soup version 0.30.1-11-g7821555f0a (webtiles) character file.

Game seed: 3121069694840512715

728 SmokeWeed the Sneak (level 7, -8/45 HPs)
             Began as an Octopode Venom Mage on Dec 25, 2023.
             Was an Initiate of Dithmenos.
             Splashed by a jelly's acid (9 damage)
             ... on level 6 of the Dungeon.
             The game lasted 00:15:37 (6301 turns).

SmokeWeed the Sneak (Octopode Venom Mage)           Turns: 6301, Time: 00:15:39

Health: -8/45      AC: -9    Str:  7    XL:     7   Next: 72%
Magic:  12/12      EV: 13    Int: 18    God:    Dithmenos [......]
Gold:   145        SH:  0    Dex: 12    Spells: 7/13 levels left

rFire   . . .        m - +3 rapier (venom)
rCold   . . .        (no shield)
rNeg    . . .        (helmet restricted)
rPois   +            (no amulet)
rElec   .            g - ring of poison resistance
rCorr   .            (no ring)
SInv    .            (no ring)
Will    .....        (no ring)
Stlth   ++++         (no ring)
HPRegen 0.27/turn    (no ring)
MPRegen 0.13/turn    (no ring)
                     (no ring)

%: no passive effects
@: corroded
A: almost no armour, amphibious, 8 rings, camouflage 1, gelatinous body 1,
(nimble swimmer 1), tentacles, tentacle spike 1, iridescent scales 1, clumsy 1,
wild magic 1
a: Renounce Religion


You were on level 6 of the Dungeon.
You worshipped Dithmenos.
Dithmenos was noncommittal.
You visited 2 branches of the dungeon, and saw 7 of its levels.

You collected 145 gold pieces.

Inventory:

Hand Weapons
 c - a +0 short sword
 j - a +0 long sword
 m - a +3 rapier of venom (weapon)
Jewellery
 g - a ring of poison resistance (left tentacle)
 p - an amulet of faith
Wands
 b - a wand of polymorph (21)
Potions
 a - 3 potions of magic
 d - 4 potions of haste
 e - a potion of lignification
 f - 3 potions of flight
 h - a potion of brilliance {unknown}
 i - a potion of cancellation {unknown}
 k - a potion of curing {unknown}
 l - a potion of attraction {unknown}
 n - a potion of heal wounds {unknown}


   Skills:
 * Level 2.5 Fighting
 + Level 1.3(2.0) Short Blades
 + Level 2.1(2.3) Long Blades
 * Level 2.9 Dodging
 * Level 5.8 Stealth
 * Level 3.9 Spellcasting
 + Level 1.0 Transmutations
 + Level 2.3 Air Magic
 + Level 5.2 Poison Magic


You had 7 spell levels left.
You knew the following spells:

 Your Spells              Type           Power      Damage    Failure   Level
a - Sting                 Tmut/Pois      76%        1d6       7%          1
b - Poisonous Vapours     Pois/Air       44%        N/A       8%          2
c - Mephitic Cloud        Conj/Pois/Air  16%        N/A       22%         3

Your spell library contained the following spells:

 Spells                   Type           Power      Damage    Failure   Level
 Cigotuvi's Dreadful Rot  Necr/Pois/Air  32%        N/A       12%         2
 Spider Form              Tmut/Pois      19%        N/A       17%         3
 Kiss of Death            Conj/Necr      16%        2d6       22%         1
 Olgreb's Toxic Radiance  Pois           29%        N/A       24%         4
 Vhi's Electric Charge    Tloc/Air       20%        N/A       34%         3
 Ozocubu's Armour         Ice            4%         N/A       50%         3
 Portal Projectile        Hex/Tloc       8%         N/A       50%         3
 Tukima's Dance           Hex            4%         N/A       50%         3
 Ice Form                 Ice/Tmut       7%         N/A       82%         4
 Arcjolt                  Conj/Air       5%         1d15      96%         5
 Blade Hands              Tmut           4%         N/A       97%         5
 Freezing Cloud           Conj/Ice/Air   4%         6-21      98%         5
 Agony                    Necr           4%         N/A       99%         5
 Maxwell's Capacitive Co  Air            7%         ∞         100%        8


Dungeon Overview and Level Annotations

Branches:
Dungeon (6/15)             Temple (1/1) D:4

Altars:
Ashenzari
Dithmenos
Elyvilon
Fedhas
Gozag
Hepliaklqana
Makhleb
Nemelex Xobeh
Okawaru
Qazlal
Sif Muna
Xom
Yredelemnul
Zin
The Shining One


Innate Abilities, Weirdness & Mutations

You cannot wear most types of armour.
You are amphibious.
You can wear up to eight rings at the same time.
Your skin changes colour to match your surroundings (Stealth+).
Your rubbery body absorbs attacks. (AC +1, EV +1)
((You are camouflaged when in or above water. (Stealth+)))
You have tentacles for arms and can constrict up to eight enemies at once.
One of your tentacles bears a spike.
You are partially covered in iridescent scales. (AC +2)
You are clumsy. (Dex -2)
Your spells are a little harder to cast, but a little more powerful.


Message History

You can't see any susceptible monsters within range! (Use Z to cast anyway.)
Okay, then.
You climb downwards.
There is a stone staircase leading up here.
Found a robe.
Found a stone staircase leading down.
d - 4 potions of haste (gained 1)
You open the door.
There is an open door here.
k - a brown potion You open the door.
There is an open door here.
A jelly comes into view.
Found a gold piece.
Found 2 gold pieces.
A hound comes into view.
Found a gold piece.
Found a stone staircase leading up.
Found a gold piece.
Found an opulent altar of Gozag.
The jelly quivers.
You hit the jelly. The acid corrodes you!
Your tentacles burn!
The jelly is lightly wounded.
The jelly hits you.
You are splashed with acid!
You hit the jelly.
Your tentacles burn!
You pierce the jelly.
You tentacle-slap the jelly.
The jelly is heavily wounded.
The jelly hits you.
You are splashed with acid.
You are too injured to fight recklessly!
You hit the jelly but do no damage.
Your tentacles burn!
You pierce the jelly, but do no damage.
The jelly is heavily wounded.
The jelly hits you. The acid corrodes you!
You are splashed with acid!
* * * LOW HITPOINT WARNING * * *
You hit the jelly. The acid corrodes you!
Your tentacles burn!
* * * LOW HITPOINT WARNING * * *
Your tentacle spike misses the jelly.
You squeeze the jelly.
The jelly is severely wounded.
The jelly hits you.
* * * LOW HITPOINT WARNING * * *
You are splashed with acid!
You die...

.# ####.# ## _8#
#...[#.. ### .$# ..
#..#.#.# #.. $. ...
##..#.#.### #..##.##...
..>........ +....$.....
.#.#...#. #..........
<#.'...# #....$..#
.###...# #####.J@....###
.# #...# ..##....$.....
.###...# #.###.........
.....######.###...$.....
###### #...............
#########..........#....
....##............##.h..
####'.............# ..<
###............# ##


You could see a hound (asleep) and a jelly.

Vanquished Creatures
  A black bear (D:5)
  2 ogres (D:4)
  A vampire bat (D:3)
  A hound (D:4)
  An iguana (D:5)
  16 gnolls
  6 adders
  An ufetubus (D:5)
  3 fire bats (D:3)
  2 spectral bats (D:3)
  13 bats
  3 bat skeletons (D:3)
  A bat zombie (D:3)
  8 endoplasms
  4 giant cockroaches
  9 goblins
  6 hobgoblins
  4 quokkas
  9 ball pythons
  A bat simulacrum (D:3)
  2 frilled lizards (D:2)
  8 kobolds
  A rat (D:3)
103 creatures vanquished.

Notes
Turn   | Place    | Note
-------+----------+-------------------------------------------
     0 | D:1      | SmokeWeed the Octopode Venom Mage began the quest for the
                  | Orb.
     0 | D:1      | Reached XP level 1. HP: 11/11 MP: 3/3
   165 | D:1      | Reached XP level 2. HP: 17/17 MP: 3/5
   532 | D:1      | Learned a level 2 spell: Poisonous Vapours
  1071 | D:1      | Got the Thoughts on Niveous Filth
  1261 | D:1      | Reached XP level 3. HP: 21/21 MP: 1/6
  1365 | D:2      | Found a glowing golden altar of the Shining One.
  1987 | D:2      | Learned a level 3 spell: Mephitic Cloud
  2350 | D:3      | Gained mutation: One of your tentacles bears a spike.
                  | [potion of mutation]
  2350 | D:3      | Gained mutation: Your spells are a little harder to cast,
                  | but a little more powerful. [potion of mutation]
  2350 | D:3      | Gained mutation: You are clumsy. (Dex -2) [potion of
                  | mutation]
  2350 | D:3      | Gained mutation: You are partially covered in iridescent
                  | scales. (AC +2) [potion of mutation]
  2402 | D:3      | Found a shimmering blue altar of Sif Muna.
  2478 | D:3      | HP: 1/21 [endoplasm (3)]
  2687 | D:3      | Reached XP level 4. HP: 27/27 MP: 7/7
  3166 | D:3      | Reached skill level 1 in Air Magic
  3207 | D:3      | Reached XP level 5. HP: 6/31 MP: 1/9
  3375 | D:3      | Reached skill level 1 in Long Blades
  3518 | D:3      | Reached skill level 1 in Fighting
  3666 | D:3      | Reached XP level 6. HP: 28/38 MP: 10/10
  4203 | D:4      | Reached skill level 5 in Stealth
  4261 | D:4      | Found a staircase to the Ecumenical Temple.
  4272 | Temple   | Entered the Ecumenical Temple
  4457 | D:4      | Reached skill level 5 in Poison Magic
  4457 | D:4      | Reached XP level 7. HP: 45/45 MP: 3/12
  4744 | D:4      | Found a basalt altar of Yredelemnul.
  5372 | D:5      | Entered Level 5 of the Dungeon
  5610 | D:5      | Found a shadowy altar of Dithmenos.
  5620 | D:5      | Became a worshipper of Dithmenos the Shadowed
  5681 | D:5      | Got the Almanac of the Icicle and the Charnel House
  6079 | D:5      | Found a burning altar of Makhleb.
  6100 | D:5      | Reached skill level 1 in Short Blades
  6104 | D:5      | Found a white marble altar of Elyvilon.
  6297 | D:6      | Found an opulent altar of Gozag.
  6301 | D:6      | HP: 1/45 [jelly (3)]
  6301 | D:6      | Splashed by a jelly's acid

Illustrated notes

Levels and vault maps discovered:
D:1:      eino_arrival_water_star, layout_basic
D:2:      layout_basic, basic_altar
D:3:      layout_basic, nicolae_sif_muna_condensation, minmay_liquid_box,
          minivault_24, serial_park_tiny_pond, minmay_crystal_room,
          goddamned_bats
D:4:      layout_rooms, nicolae_overflow_crystal_walls, minmay_temple_entry_hall
D:5:      layout_basic, grunt_dithmenos_smoke, mainiacjoe_overflow_two_lobes,
          minivault_5, minivault_19
D:6:      layout_basic, grunt_gozag_breadcrumbs, serial_co_window_serial,
          co_window_paths_a, co_window_paths_a, co_window_paths_a,
          co_window_paths_a, co_window_paths_a, co_window_of_opportunity_a,
          co_window_paths_a, co_window_paths_b, co_window_paths_a,
          co_window_broadway_a, co_window_unsneaky_path_c, co_window_broadway_b,
          co_window_broadway_b, co_window_broadway_a, co_window_unsneaky_path_b,
          glass_columns_a, glass_columns_a, glass_columns_a,
          uniq_crazy_yiuf_cottage
Temple:   nicolae_temple_bog_church

Skill      XL: |  1  2  3  4  5  6  7 |
---------------+----------------------+-----
Poison Magic   | 4 5 |  5.2
Stealth        | 3 4 5 |  5.8
Air Magic      | 1 2 |  2.3
Long Blades    | 1 2 |  2.1
Fighting       | 1 2 |  2.5
Spellcasting   | 3 |  3.9
Short Blades   | 1 |  1.3
Dodging        | |  2.9
Transmutations | |  1.0

Action                     |  1- 3 |  4- 6 |  7- 9 || total
---------------------------+-------+-------+-------++-------
  Melee: Short sword       |    32 |       |       ||    32
         Tentacles         |     8 |    14 |     9 ||    31
         Constrict         |    10 |    18 |    13 ||    41
         Long sword        |    26 |    77 |     4 ||   107
         Kick              |     4 |    22 |    15 ||    41
         Punch             |     1 |     1 |     2 ||     4
         Rapier            |       |       |    37 ||    37
   Cast: Sting             |     6 |       |       ||     6
         Poisonous Vapours |    26 |    34 |    14 ||    74
    Use: Scroll            |     5 |     1 |     6 ||    12
         Potion            |     1 |       |       ||     1
   Stab: Sleeping          |     7 |     7 |     4 ||    18
 Armour: Skin              |     8 |    50 |     2 ||    60
  Dodge: Dodged            |    31 |   112 |    38 ||   181
